AoeStats
← sethaniel97

Arena

508727069Analyzed
3v3 RM · 7d ago on Sep 23, 2026· 47m 31s· 6 players
Game mode
Random Map
Map size
Normal (6 player)
Population
200
Speed
Normal
Resources
Standard
Victory
Conquest
Starting age
Dark Age
Ending age
Imperial Age
RankedLock teamsTeams togetherTeam positionsShared explorationLock speedFull tech treeHidden civsTurbo modeCheats
Victory
Defeat
🇹🇷 Britons · Türkiye
825
+16
🇹🇷 Japanese · Türkiye
800
+17
🇹🇷 Ethiopians · Türkiye
763
+19
🇬🇧 Varangians · United Kingdom
880
-20
🇬🇧 Saxons · United Kingdom
826
-24
🇬🇧 Danes · United Kingdom
771
-20
sethaniel97
10:08 Feudal Age
11:22 Double-Bit Axe
15:34 Castle Age
14:03 Horse Collar
15:36 Wheelbarrow
15:30 Stone Mining
18:09 Loom
20:29 Bow Saw
20:54 Gold Mining
21:16 Fletching
24:48 Scale Barding Armor
31:03 Treadmill Crane
31:34 Fortified Wall
31:30 Heavy Plow
31:56 Hand Cart
31:26 Town Watch
32:22 Stone Shaft Mining
33:06 Forging
34:04 Chain Barding Armor
38:25 Imperial Age
36:04 Bodkin Arrow
36:45 Iron Casting
36:12 Padded Archer Armor
37:28 Ballistics
36:35 Elite Skirmisher
40:06 Bracer
40:23 Leather Archer Armor
40:12 Squires
39:32 Pikeman
41:04 Conscription
42:45 Two-Man Saw
43:24 Chemistry
47:22 Ring Archer Armor
samstanding1
4:23 Loom
12:27 Feudal Age
12:54 Double-Bit Axe
13:06 Horse Collar
13:48 Gold Mining
15:45 Stone Mining
23:12 Castle Age
24:53 Wheelbarrow
24:23 Heavy Plow
25:01 Gold Shaft Mining
25:03 Stone Shaft Mining
24:42 Bow Saw
30:46 Imperial Age
28:59 Elite Skirmisher
30:23 Pikeman
33:04 Capped Ram
33:12 Elite Jomsviking
37:33 Hand Cart
39:36 Forging
39:17 Fletching
39:29 Padded Archer Armor
39:30 Scale Mail Armor
39:36 Scale Barding Armor
40:30 Ballistics
40:07 Murder Holes
39:38 Halberdier
39:40 Elite Varangian Guard
41:11 Siege Ram
42:20 Conscription
42:41 Gambesons
43:06 Bodkin Arrow
43:39 Thumb Ring
44:40 Northmen's Fury
BiscuitBoy
10:54 Feudal Age
12:26 Loom
15:33 Castle Age
14:05 Double-Bit Axe
14:40 Stone Mining
16:13 Horse Collar
19:09 Bow Saw
21:08 Heavy Plow
22:33 Fletching
22:48 Scale Mail Armor
22:59 Forging
23:08 Gold Mining
32:58 Wheelbarrow
34:54 Imperial Age
34:21 Gold Shaft Mining
34:26 Ballistics
34:24 Chain Mail Armor
34:45 Iron Casting
38:51 Elite Skirmisher
39:36 Bodkin Arrow
39:42 Padded Archer Armor
42:41 Two-Man Saw
42:12 Crop Rotation
41:37 Town Watch
42:09 Hand Cart
44:31 Chemistry
43:45 Crossbowman
44:31 Thumb Ring
Recepkara53
0:31 Loom
14:17 Feudal Age
20:41 Castle Age
19:56 Double-Bit Axe
19:54 Horse Collar
20:08 Gold Mining
20:11 Stone Mining
22:48 Wheelbarrow
22:15 Heavy Plow
22:30 Bow Saw
22:59 Gold Shaft Mining
29:24 Imperial Age
27:42 Hand Cart
30:16 Ballistics
30:15 Forging
30:06 Scale Mail Armor
29:57 Fletching
30:08 Padded Archer Armor
32:22 Kataparuto
34:42 Chemistry
35:33 Two-Man Saw
35:13 Elite Samurai
38:23 Iron Casting
MIMIR
9:45 Feudal Age
15:14 Castle Age
17:54 Double-Bit Axe
18:48 Horse Collar
21:59 Padded Archer Armor
21:49 Fletching
22:02 Fletching
22:50 Loom
25:00 Wheelbarrow
24:10 Town Watch
25:30 Ballistics
25:44 Fortified Wall
25:51 Leather Archer Armor
25:34 Bodkin Arrow
26:27 Bow Saw
27:35 Leather Archer Armor
29:05 Scale Barding Armor
29:38 Hand Cart
29:24 Town Patrol
30:13 Treadmill Crane
31:11 Masonry
31:38 Heated Shot
36:18 Imperial Age
33:39 Elite Skirmisher
34:40 Gold Mining
34:40 Stone Mining
34:58 Heavy Plow
38:02 Chemistry
37:33 Architecture
37:04 Bracer
37:34 Ring Archer Armor
37:26 Chain Barding Armor
36:49 Cranequins
38:51 Heavy Mounted Crossbowman
40:43 Two-Man Saw
39:54 Capped Ram
41:50 Hoardings
40:45 Sappers
41:50 Hoardings
42:14 Plate Barding Armor
42:22 Gold Shaft Mining
Mertcan53
1:07 Loom
11:24 Feudal Age
12:53 Wheelbarrow
19:32 Castle Age
23:49 Horse Collar
24:00 Double-Bit Axe
25:28 Forging
26:05 Stone Mining
27:22 Hand Cart
27:10 Heavy Plow
28:34 Padded Archer Armor
28:25 Fletching
41:19 Gold Mining
44:12 Royal Heirs
45:01 Bow Saw
Connection lost

Rejoining the realm…

Still unreachable

The connection could not be restored.

Session expired

The server has moved on; the page needs a fresh start.